 Dungeon Crawl Stone Soup version 0.19-a0-1341-g3513869 (webtiles) character file.

2849 Gagarin the Ruffian (level 9, -2/96 HPs)
             Began as a Troll Hunter on Sept 1, 2016.
             Was a Follower of Trog.
             Slain by Pikel
             ... wielding a +1 whip of flaming
              (10 damage)
             ... on level 8 of the Dungeon.
             The game lasted 00:14:59 (6228 turns).

Gagarin the Ruffian (Troll Hunter)                  Turns: 6228, Time: 00:15:00

Health: -2/96      AC:  5    Str: 29    XL:     9   Next: 46%
Magic:  7/7        EV: 12    Int:  7    God:    Trog [*.....]
Gold:   339        SH:  0    Dex: 11    Spells: 0 memorised, 8 levels left

rFire  . . .     SeeInvis .       - Unarmed
rCold  + . .     Gourm    +     b - +0 robe
rNeg   . . .     Faith    .     (no shield)
rPois  .         Spirit   .     (helmet restricted)
rElec  .         Dismiss  .     (no cloak)
rCorr  +         Reflect  .     (gloves unavailable)
MR     .....     Harm     .     (boots unavailable)
Stlth  +.........               (no amulet)
                                x - ring of resist corrosion
                                I - ring of protection from cold

@: mighty
A: unfitting armour, claws 3, fast metabolism 3, gourmand, low mp 1,
regeneration 1, robust 1, shaggy fur 1, tough skin 2, subdued magic 1
a: Berserk, Burn Spellbooks, Renounce Religion


You were on level 8 of the Dungeon.
You worshipped Trog.
Trog was aware of your devotion.
You were full.

You visited 2 branches of the dungeon, and saw 9 of its levels.

You collected 339 gold pieces.

Inventory:

Hand Weapons
 a - a +0 short sword
 m - a +2 scimitar of slicing
 v - a +1 flail of draining
Missiles
 c - 5 large rocks (quivered)
 d - 4 throwing nets
 y - 5 exploding tomahawks
Armour
 b - a +0 robe (worn)
Jewellery
 x - a ring of resist corrosion (right claw)
 I - a ring of protection from cold (left claw)
Wands
 s - a wand of paralysis (9/24)
 u - a wand of digging (15/24)
 E - a wand of slowing (22/48)
 F - a wand of iceblast (10/15)
 G - a wand of acid (11/15)
 H - a wand of disintegration (11/24)
 K - a wand of slowing (24/48)
 L - a wand of slowing (13/48)
Scrolls
 e - 4 scrolls of identify
 i - a scroll of enchant armour {unknown}
 j - a scroll of magic mapping
 k - a scroll of blinking
 l - a scroll of amnesia
 n - a scroll of immolation {unknown}
 o - 3 scrolls of remove curse
 q - a scroll of recharging {unknown}
 t - 2 scrolls of teleportation {unknown}
 w - 2 scrolls of enchant weapon {unknown}
Potions
 h - a potion of cure mutation {unknown}
 z - a potion of berserk rage {unknown}
 A - a potion of haste {unknown}
 D - a potion of might
Books
 N - a book of the Sky

   Spells                             Type                      Level
   a - Summon Lightning Spire         Summoning/Air                4
   b - Airstrike                      Air                          4
   c - Silence                        Hexes/Air                    5
   d - Deflect Missiles               Charms/Air                   6
   e - Conjure Ball Lightning         Conjuration/Air              6
   f - Tornado                        Air                          9
   Trog disapproves of the use of such an item.
Comestibles
 f - 6 bread rations
 g - 2 royal jellies
 p - 3 slices of pizza
 r - 4 meat rations
 C - 2 beef jerkies
 J - 2 fruits


   Skills:
 + Level 5.2 Fighting
 + Level 6.7 Throwing
 + Level 5.4 Dodging
 - Level 0.8 Stealth
 * Level 7.4 Unarmed Combat


You had 8 spell levels left.
You didn't know any spells.

Dungeon Overview and Level Annotations

Branches:
Dungeon (8/15)             Temple (1/1) D:7
   Lair: D:8-11

Altars:
Ashenzari
Cheibriados
Dithmenos
Elyvilon
Fedhas
Gozag
Hepliaklqana
Kikubaaqudgha
Makhleb
Nemelex Xobeh
Okawaru
Qazlal
Ru
Sif Muna
Trog
Uskayaw
Vehumet
Xom
Yredelemnul
Zin
The Shining One

Annotations:
D:8 Pikel


Innate Abilities, Weirdness & Mutations

You are too large for most types of armour.
You have claws for hands.
Your metabolism is lightning-fast.
You like to eat raw meat.
Your natural rate of healing is unusually fast.
You are covered in fur. (AC +1)
You have very tough skin. (AC +2)
Your magical capacity is low. (-10% MP)
You are robust. (+10% HP)
Your spells are a little easier to cast, but a little less powerful.


Message History

Pikel barely misses you.
You see here an animal skin.
You claw Pikel!
Pikel is heavily wounded.
Pikel zaps a wand.
The bolt of lightning hits you! x2
It is a wand of lightning.
You closely miss Pikel. Your claw misses Pikel.
Pikel is heavily wounded.
Pikel zaps a wand.
The bolt of lightning hits you!
* * * LOW HITPOINT WARNING * * *
The bolt of lightning hits you!
* * * LOW HITPOINT WARNING * * *
You are too injured to fight recklessly!
Okay, then.
As you read the scroll of identify, it crumbles to dust.
D - 2 potions of might Pikel closely misses you.
You feel very mighty all of a sudden. Pikel hits you with a whip of flaming!
You die...

### .p# #p# #p# #K#
####@# ###### #....#
#..... #.#######
#.###. #.##....# #.#
#. #.##.#.## #.# #.
#.##.#.# #.# #.
#.##.#.#########.# ##
#.##.............####
#.####.############.#


You could see Pikel and 3 slaves.

Vanquished Creatures
  An ice statue (D:8)
  A hippogriff (D:8)
  A water moccasin (D:5)
  An ice beast (D:6)
  2 orc warriors
  A sky beast (D:7)
  A slave (D:8)
  2 phantoms
  4 centaurs
  An ogre (D:6)
  3 giant frogs
  2 scorpions
  2 howler monkeys
  2 crimson imps
  2 jellies
  A giant frog zombie (D:5)
  A gnoll shaman (D:6)
  2 orc priests
  A centaur skeleton (D:4)
  A hound (D:7)
  3 orc wizards
  A giant frog skeleton (D:5)
  An iguana (D:7)
  9 worker ants
  8 gnolls
  8 adders
  3 oozes
  An adder skeleton (D:5)
  A worm (D:5)
  A dart slug (D:1)
  5 giant geckos
  19 orcs
  A ball python (D:1)
  3 giant cockroaches
  7 goblins
  12 hobgoblins
  15 jackals
  3 quokkas
  4 bats
  5 giant newts
  5 kobolds
  A quokka skeleton (D:7)
  7 rats
155 creatures vanquished.

Vanquished Creatures (others)
  A withered plant (D:7)
1 creature vanquished.

Grand Total: 156 creatures vanquished

Notes
Turn   | Place    | Note
-------+----------+-------------------------------------------
     0 | D:1      | Gagarin the Troll Hunter began the quest for the Orb.
     0 | D:1      | Reached XP level 1. HP: 19/19 MP: 0/0
    98 | D:1      | Reached XP level 2. HP: 27/27 MP: 1/1
   326 | D:1      | Reached XP level 3. HP: 20/35 MP: 2/2
   764 | D:2      | Reached skill level 1 in Unarmed Combat
   874 | D:2      | Reached XP level 4. HP: 30/42 MP: 3/3
  1482 | D:3      | Reached XP level 5. HP: 30/50 MP: 4/4
  1851 | D:3      | Found a shimmering altar of Xom.
  1851 | D:3      | Found a white marble altar of Elyvilon.
  1852 | D:3      | Found a basalt altar of Yredelemnul.
  2094 | D:4      | HP: 1/50 [worker ant (8)]
  2097 | D:4      | Gained mutation: You are robust. (+10% HP) [potion of mutation]
  2097 | D:4      | Gained mutation: Your magical capacity is low. (-10% MP) [potion of mutation]
  2097 | D:4      | Gained mutation: Your spells are a little easier to cast, but a little less powerful. [potion of mutation]
  2100 | D:4      | Reached XP level 6. HP: 12/64 MP: 4/4
  2512 | D:5      | Entered Level 5 of the Dungeon
  2585 | D:5      | Reached skill level 5 in Throwing
  2586 | D:5      | Reached skill level 2 in Unarmed Combat
  2787 | D:5      | Noticed a water moccasin
  2810 | D:5      | Killed a water moccasin
  2810 | D:5      | Reached XP level 7. HP: 14/73 MP: 5/5
  3004 | D:5      | Reached skill level 3 in Unarmed Combat
  3500 | D:6      | Reached skill level 4 in Unarmed Combat
  3630 | D:6      | Reached XP level 8. HP: 37/85 MP: 6/6
  4336 | D:6      | Reached skill level 5 in Unarmed Combat
  4533 | D:7      | Found a staircase to the Ecumenical Temple.
  4585 | Temple   | Entered the Ecumenical Temple
  4728 | Temple   | Became a worshipper of Trog the Wrathful
  4900 | D:7      | Found a snail-covered altar of Cheibriados.
  4957 | D:7      | Reached skill level 6 in Unarmed Combat
  4999 | D:7      | Reached skill level 5 in Dodging
  5256 | D:7      | Reached XP level 9. HP: 73/93 MP: 7/7
  5293 | D:7      | Found an ancient bone altar of Kikubaaqudgha.
  5374 | D:8      | Reached * piety under Trog
  5553 | D:8      | Reached skill level 5 in Fighting
  5553 | D:8      | Reached skill level 7 in Unarmed Combat
  5586 | D:8      | Found an opulent altar of Gozag.
  5741 | D:8      | Noticed an ice statue
  5787 | D:8      | Killed an ice statue
  5789 | D:8      | HP: 3/96 [something (13)]
  6219 | D:8      | Noticed Pikel
  6228 | D:8      | Slain by Pikel

Vault maps used:
D:1:      saegor_arrival_simple_c
D:3:      gammafunk_temple_overflow_claw, serial_glass, glass_columns_a,
          glass_columns_c, glass_columns_b, glass_columns_b, roderic_lattice_a
D:5:      first_bread
D:7:      kiku_gazebo_garden_becter, cheibriados_altar_wand_db
D:8:      minmay_statue_hallways, basic_altar, uniq_pikel
Temple:   nicolae_temple_elliptical

Skill      XL: |  1  2  3  4  5  6  7  8  9 |
---------------+----------------------------+-----
Throwing       | 4 5 6 |  6.7
Dodging        | 2 3 4 5 |  5.4
Unarmed Combat | 1 2 4 6 7 |  7.4
Fighting       | 2 3 4 5 |  5.2
Stealth        | |  0.8

Action                   |  1- 3 |  4- 6 |  7- 9 || total
-------------------------+-------+-------+-------++-------
Melee: Unarmed           |   120 |   217 |   296 ||   633
       Punch             |       |     4 |     6 ||    10
Throw: Large rock        |       |     5 |       ||     5
       Throwing net      |       |     1 |       ||     1
Invok: Burn Spellbooks   |       |       |     1 ||     1
  Use: Potion            |       |     4 |     7 ||    11
       Scroll            |       |     5 |     1 ||     6
 Stab: Sleeping          |       |     2 |     1 ||     3
       Held in net/web   |       |     1 |       ||     1
       Distracted        |       |       |     1 ||     1
  Eat: Chunk             |    14 |    17 |    28 ||    59
Armor: Robe              |    51 |    58 |    43 ||   152
       Skin              |       |    13 |    27 ||    40
Dodge: Dodged            |    57 |   104 |   128 ||   289
